 Dungeon Sprint DCSS version 0.29-a0-284-gf9362112df (webtiles) character file.

Game seed: 6623878671076317005

181922 flyleaff the Slayer (level 16, -9/164 HPs)
             Began as a Demonspawn Monk on Mar 17, 2022.
             Was a High Priest of Jiyva.
             Killed from afar by Lom Lobon (41 damage)
             ... with a great icy blast
             ... in the Dungeon (Sprint IX: "|||||||||||||||||||||||||||||").
             The game lasted 00:36:34 (4680 turns).

flyleaff the Slayer (Demonspawn Monk)               Turns: 4680, Time: 00:36:35

Health: -9/164     AC: 42    Str: 17    XL:     16   Next: 24%
Magic:  16/16      EV: 21    Int: 15    God:    Jiyva [*****.]
Gold:   304        SH:  0    Dex: 20    Spells: 15/15 levels left

rFire   + . .      SeeInvis .   j - +8 halberd (protect)
rCold   + + .      Faith    .   (shield currently unavailable)
rNeg    . . .      Spirit   .   D - +2 plate armour {rC+}
rPois   +          Reflect  .   l - +0 helmet
rElec   +          Harm     .   C - +2 cloak {Stlth+}
rCorr   +          Rampage  .   y - +0 pair of gloves "Esiese" {rElec Regen+ Int+3}
Will    +....      NoTele   +   q - +0 pair of boots
Stlth   ..........              (no amulet)
HPRegen 5.01/turn               n - +2 ring of protection
MPRegen 0.60/turn               B - ring of protection from cold

@: frozen, very slow
A: slimy green scales 3, powered by death 2, spiny 3, demonic touch 2, hooves 1,
fire resistance 1, regeneration 3, strong 1, gelatinous body 3
}: 4/17 runes: decaying, serpentine, barnacled, gossamer
a: Renounce Religion, Oozemancy, Slimify


You were in the Dungeon.
You worshipped Jiyva.
Jiyva was extremely pleased with you.
You visited 1 branch You collected 1909 gold pieces.
You spent 1605 gold pieces at shops.

Inventory:

Hand Weapons
 j - a +8 halberd of protection (weapon)
Missiles
 m - 2 silver javelins
 p - 13 poisoned darts
 t - 2 curare-tipped darts (quivered)
 x - 3 javelins
Armour
 l - a +0 helmet (worn)
 o - the +10 tower shield of Ignorance {rN+ Int-4}
   (You found it in the Dungeon)

   Int:       It affects your intelligence (-4).
   rN:        It protects you from negative energy.
 q - a +0 pair of boots (worn)
 v - a +1 plate armour of willpower
 y - the +0 pair of gloves "Esiese" (worn) {rElec Regen+ Int+3}
   (You acquired it in the Dungeon)

   Int:       It affects your intelligence (+3).
   rElec:     It insulates you from electricity.
   Regen:     It increases your rate of health regeneration.
 C - a +2 cloak of stealth (worn)
 D - a +2 plate armour of cold resistance (worn)
 E - the +3 plate armour "Taedd" {rElec rPois Stlth+}
   (You found it in the Dungeon)

   rElec:     It insulates you from electricity.
   rPois:     It protects you from poison.
   Stlth:     It makes you more stealthy.
 F - +1 fire dragon scales
Jewellery
 n - a +2 ring of protection (left hand)
 A - a ring of willpower
 B - a ring of protection from cold (right hand)
Wands
 h - a wand of iceblast (5)
 G - a wand of acid (1)
Scrolls
 f - 2 scrolls of amnesia
 i - a scroll of blinking
 r - a scroll of fog
 H - a scroll of identify
Potions
 a - 2 potions of brilliance
 d - a potion of heal wounds
 e - 8 potions of curing
 g - 4 potions of magic
 u - 2 potions of lignification
 z - a potion of mutation


   Skills:
 + Level 25.9 Fighting
 - Level 16.0 Polearms
 + Level 23.9 Armour
 + Level 24.0 Dodging
 - Level 1.7 Stealth
 - Level 12.2 Shields
 - Level 11.2 Evocations


You had 15 spell levels left.
You didn't know any spells.
Your spell library was empty.

Dungeon Overview and Level Annotations

Branches:
Dungeon (1/1)

Altars:
Cheibriados
Dithmenos
Elyvilon
Fedhas
Gozag
Hepliaklqana
Kikubaaqudgha
Makhleb
Nemelex Xobeh
Okawaru
Qazlal
Ru
Sif Muna
Trog
Uskayaw
Vehumet
Wu Jian
Xom
Yredelemnul
Zin
The Shining One
Beogh
Jiyva
Lugonu

Shops:
D :!?

Annotations:
D Lom Lobon


Innate Abilities, Weirdness & Mutations

You are completely covered in slimy green scales. (AC +4, rPois)
You regenerate health from kills.
You are completely covered in sharp spines.
Your touch may inflict irresistible damage on your foes.
You have large cloven feet.
Your flesh is heat resistant. (rF+)
You regenerate.
Your muscles are strong. (Str +2)
Your gelatinous body deflects attacks. (AC +3, EV +3)


Message History

The great icy blast engulfs you!!! You partially resist.
* * * LOW HITPOINT WARNING * * *
You shudder from the blast and a jelly pops out!
The great icy blast engulfs your quicksilver ooze!!
Your quicksilver ooze is flash-frozen.
You swap places.
You are engulfed in freezing vapours.
You resist.
Your azure jelly is engulfed in freezing vapours.
Your azure jelly completely misses Lom Lobon.
Your azure jelly hits Lom Lobon.
Your azure jelly freezes Lom Lobon.
Lom Lobon completely resists.
Your azure jelly hits Lom Lobon but does no damage.
Your azure jelly misses Lom Lobon.
Your quicksilver ooze is engulfed in freezing vapours.
Lom Lobon hits your azure jelly.
Your azure jelly is engulfed in freezing vapours.
Your azure jelly hits Lom Lobon.
Your azure jelly freezes Lom Lobon.
Lom Lobon completely resists.
Your azure jelly barely misses Lom Lobon.
Your azure jelly completely misses Lom Lobon.
Your azure jelly misses Lom Lobon.
Unknown command.
Unknown command.
Unknown command.
You are engulfed in freezing vapours.
You resist.
* * * LOW HITPOINT WARNING * * *
Your azure jelly is no longer encased in ice.
Your quicksilver ooze is no longer encased in ice.
Lom Lobon gestures at you.
Lom Lobon conjures a mighty blast of ice!
The great icy blast engulfs your azure jelly!!!
Your azure jelly partially resists.
Your azure jelly is frozen into a solid block of ice!
Your azure jelly dies!
Your azure jelly dissolves into a puddle of slime!
The great icy blast engulfs your quicksilver ooze!!!!
Your quicksilver ooze is frozen into a solid block of ice!
Your quicksilver ooze dies!
Your quicksilver ooze dissolves into a puddle of slime!
The great icy blast engulfs you!!! You partially resist.
You die...

▓▓▓▓▓▓▓▓▓▓▓▓▓▓▓▓▓▓
.▓...▓.J.▓...▓...▓
.▓.▓.▓.▓.▓.▓.▓§▓@▓
.▓.▓.▓.▓.▓.▓.▓§▓☼▓
.▓.▓.▓.▓.▓.▓.▓§▓§▓
.▓.▓.▓.▓.▓.▓.▓&▓§▓
.▓.▓.▓.▓.▓.▓.▓☼▓8▓
.▓.▓.▓.▓.▓.▓.▓☼▓8▓
.▓.▓.▓.▓.▓.♣'♣.▓&▓
.▓.▓.▓.▓.▓.♣.♣.▓.▓
.▓.▓.▓.▓.▓.♣.♣.▓.▓


You could see Lom Lobon (gusty).

Vanquished Creatures
  An ancient lich (D)
  A royal mummy (D)
  Nikola (D)
  An Orb Guardian (D)
  3 shadow dragons (D)
  Frances (D)
  3 nagarajas (D)
  Ilsuiw (D)
  A frost giant (D)
  A fire giant (D)
  2 vault wardens (D)
  6 emperor scorpions (D)
  A ghost moth (D)
  An ironbound preserver (D)
  Aizul (D)
  A broodmother (D)
  5 very ugly things (D)
  An ironbound thunderhulk (D)
  5 stone giants (D)
  A vampire knight (D)
  Nessos (D)
  A spark wasp (D)
  An eleionoma (D)
  A white draconian (D)
  A bunyip (D)
  2 dire elephants (D)
  An ettin (D)
  A deep elf high priest (D)
  3 merfolk impalers (D)
  4 merfolk javelineers (D)
  4 fire dragons (D)
  Harold (D)
  2 ice dragons (D)
  2 yaktaur captains (D)
  Josephine (D)
  2 rakshasas (D)
  2 naga warriors (D)
  3 peacekeepers (D)
  6 hydras (D)
  A centaur warrior (D)
  25 vault guards (D)
  2 merfolk avatars (D)
  A ghost crab (D)
  An ogre mage (D)
  5 merfolk aquamancers (D)
  A boulder beetle (D)
  An ironbound frostheart (D)
  6 two-headed ogres (D)
  An alligator (D)
  2 deep troll shamans (D)
  2 shock serpents (D)
  A tengu warrior (D)
  An orc high priest (D)
  A hell knight (D)
  Sonja (D)
  A sea snake (D)
  A spriggan druid (D)
  8 swamp dragons (D)
  A naga ritualist (D)
  An orb spider (D)
  2 lindwurms (D)
  3 ironbound convokers (D)
  2 orc knights (D)
  2 mana vipers (D)
  2 cyclopes (D)
  A will-o-the-wisp (D)
  3 manticores (D)
  2 wolf spiders (D)
  An ugly thing (D)
  2 moths of wrath (D)
  2 guardian serpents (D)
  6 naga magi (D)
  3 vault sentinels (D)
  A black mamba (D)
  2 torpor snails (D)
  3 cane toads (D)
  2 demonic crawlers (D)
  3 komodo dragons (D)
  3 yaktaurs (D)
  A tengu conjurer (D)
  A troll (D)
  A wind drake (D)
  2 merfolk (D)
  2 tyrant leeches (D)
  A dream sheep (shapeshifter) (D)
  A snapping turtle (D)
  2 jumping spiders (D)
  3 wyverns (D)
  3 wraiths (D)
  3 yaks (D)
  A water elemental (D)
  Eustachio (D)
  2 vampire mosquitoes (D)
  2 nagas (D)
  3 water moccasins (D)
  13 orc warriors (D)
  A boggart (D)
  A centaur (D)
  A phantom (D)
  6 ogres (D)
  2 kobold brigands (D)
  3 bullfrogs (D)
  A scorpion (D)
  A howler monkey (D)
  An orc priest (D)
  An iguana (D)
  4 orc wizards (D)
  5 worms (D)
  8 orcs (D)
  A giant cockroach (D)
  A goblin (D)
  A jackal (D)
  2 quokkas (D)
  A ball python (D)
  A bat simulacrum (D)
  6 ball lightnings (D)
276 creatures vanquished.

Vanquished Creatures (collateral kills)
  A peacekeeper (D)
  An ironbound convoker (D)
  A torpor snail (D)
  A culicivora (D)
  A block of ice (D)
5 creatures vanquished.

Vanquished Creatures (others)
  A stone giant (D)
  2 ettins (D)
  A great orb of eyes (D)
  A glowing orange brain (D)
  2 spriggan druids (D)
  An orc knight (D)
  An elephant (shapeshifter) (D)
  A naga mage (D)
  A hornet (D)
  A spriggan (D)
  27 jellies (D)
  40 ball lightnings (D)
  2 blocks of ice (D)
81 creatures vanquished.

Grand Total: 362 creatures vanquished

Notes
Turn   | Place    | Note
-------+----------+-------------------------------------------
     0 | D        | flyleaff the Demonspawn Monk began the quest for the Orb.
     0 | D        | Reached XP level 1. HP: 18/18 MP: 1/1
    19 | D        | Reached skill level 1 in Armour
   140 | D        | Noticed an iguana
   140 | D        | Noticed a phantom
   140 | D        | Noticed a scorpion
   148 | D        | Killed an iguana
   149 | D        | Reached skill level 4 in Fighting
   149 | D        | Gained mutation: Your touch may inflict minor irresistible
                  | damage on your foes. [demonic ancestry]
   149 | D        | Reached XP level 2. HP: 25/25 MP: 2/2
   149 | D        | Gained mutation: You regenerate a little health from kills.
                  | [demonic ancestry]
   149 | D        | Reached XP level 3. HP: 30/30 MP: 3/3
   152 | D        | Killed a phantom
   153 | D        | Reached skill level 5 in Fighting
   153 | D        | Reached skill level 5 in Polearms
   153 | D        | Reached skill level 5 in Dodging
   153 | D        | Gained mutation: You are partially covered in sharp spines.
                  | [demonic ancestry]
   153 | D        | Reached XP level 4. HP: 39/39 MP: 4/4
   168 | D        | Killed a scorpion
   169 | D        | Reached skill level 6 in Fighting
   169 | D        | Gained mutation: You are partially covered in slimy green
                  | scales. (AC +2) [demonic ancestry]
   169 | D        | Reached XP level 5. HP: 22/46 MP: 5/5
   314 | D        | Found a snail-covered altar of Cheibriados.
   314 | D        | Found a shadowy altar of Dithmenos.
   314 | D        | Found a blossoming altar of Fedhas.
   314 | D        | Found an opulent altar of Gozag.
   315 | D        | Found a hazy altar of Hepliaklqana.
   316 | D        | Found a viscous altar of Jiyva.
   317 | D        | Found an ancient bone altar of Kikubaaqudgha.
   318 | D        | Found a corrupted altar of Lugonu.
   319 | D        | Found a burning altar of Makhleb.
   320 | D        | Found a sparkling altar of Nemelex Xobeh.
   321 | D        | Found an iron altar of Okawaru.
   322 | D        | Found a stormy altar of Qazlal.
   323 | D        | Found a sacrificial altar of Ru.
   324 | D        | Became a worshipper of Jiyva Juakut the Shapeless
   324 | D        | Reached * piety under Jiyva
   324 | D        | Reached ** piety under Jiyva
   325 | D        | Found a shimmering blue altar of Sif Muna.
   326 | D        | Found a bloodstained altar of Trog.
   327 | D        | Found a hide-covered altar of Uskayaw.
   328 | D        | Found a radiant altar of Vehumet.
   329 | D        | Found an ornate altar of the Wu Jian Council.
   330 | D        | Found a shimmering altar of Xom.
   331 | D        | Found a basalt altar of Yredelemnul.
   332 | D        | Killed a glowing orange brain
   340 | D        | Killed a great orb of eyes
   384 | D        | Noticed an orc warrior
   384 | D        | Noticed a centaur
   384 | D        | Noticed a troll
   400 | D        | Killed an orc warrior
   401 | D        | Reached skill level 5 in Armour
   401 | D        | Reached XP level 6. HP: 36/53 MP: 6/6
   403 | D        | Reached skill level 7 in Fighting
   418 | D        | Killed a troll
   419 | D        | Reached skill level 8 in Fighting
   419 | D        | Gained mutation: You regenerate health from kills. [demonic
                  | ancestry]
   419 | D        | Reached XP level 7. HP: 63/63 MP: 7/7
   435 | D        | Noticed a green ugly thing
   435 | D        | Noticed a centaur warrior
   435 | D        | Noticed a black mamba
   435 | D        | Noticed a vampire mosquito
   435 | D        | Noticed a manticore
   446 | D        | Killed a green ugly thing
   447 | D        | Reached skill level 9 in Fighting
   447 | D        | Reached XP level 8. HP: 27/71 MP: 8/8
   453 | D        | Noticed a culicivora
   453 | D        | a black mamba changed into a culicivora
   455 | D        | Killed a centaur warrior
   456 | D        | Reached skill level 10 in Fighting
   458 | D        | Noticed a dream sheep
   458 | D        | a culicivora changed into a dream sheep
   463 | D        | Killed a dream sheep
   472 | D        | Reached XP level 9. HP: 62/79 MP: 9/9
   479 | D        | Killed a manticore
   480 | D        | Reached skill level 11 in Fighting
   480 | D        | Reached skill level 10 in Polearms
   480 | D        | Reached skill level 10 in Dodging
   595 | D        | Reached *** piety under Jiyva
   611 | D        | Noticed a cane toad
   611 | D        | Noticed a komodo dragon
   611 | D        | Noticed a cane toad
   615 | D        | Killed a cane toad
   616 | D        | Reached skill level 10 in Armour
   627 | D        | Killed a komodo dragon
   638 | D        | Killed a cane toad
   639 | D        | Reached skill level 12 in Fighting
   659 | D        | Noticed a cane toad
   659 | D        | Noticed a komodo dragon
   663 | D        | Gained mutation: You are mostly covered in sharp spines.
                  | [demonic ancestry]
   663 | D        | Reached XP level 10. HP: 89/89 MP: 10/10
   670 | D        | Killed a cane toad
   696 | D        | Gained mutation: Your natural rate of healing is unusually
                  | fast. [Jiyva's grace]
   696 | D        | Gained mutation: You heal very quickly. [Jiyva's grace]
   696 | D        | Gained mutation: You regenerate. [Jiyva's grace]
   696 | D        | Gained mutation: You are covered in fur. (AC +1) [Jiyva's
                  | grace]
   704 | D        | Noticed a lindwurm
   721 | D        | Killed a lindwurm
   722 | D        | Reached skill level 13 in Fighting
   800 | D        | Noticed Sonja
   813 | D        | Killed Sonja
   836 | D        | Noticed Harold
   849 | D        | Killed Harold
   888 | D        | Noticed Josephine
   897 | D        | Killed Josephine
   898 | D        | Reached skill level 14 in Fighting
   898 | D        | Gained mutation: You are mostly covered in slimy green
                  | scales. (AC +3) [demonic ancestry]
   898 | D        | Reached XP level 11. HP: 100/100 MP: 11/11
   928 | D        | Reached **** piety under Jiyva
   941 | D        | Noticed an orc high priest
   953 | D        | Killed an orc high priest
  1008 | D        | Noticed an orc knight
  1022 | D        | Killed an orc knight
  1102 | D        | Found Utudgh's Distillery.
  1102 | D        | Noticed a two-headed ogre
  1102 | D        | Noticed a two-headed ogre
  1102 | D        | Noticed a two-headed ogre
  1108 | D        | Killed a two-headed ogre
  1114 | D        | Killed a two-headed ogre
  1115 | D        | Reached skill level 15 in Fighting
  1119 | D        | Killed a two-headed ogre
  1126 | D        | Noticed an ogre mage
  1127 | D        | Found Baitsoakh's Book Shoppe.
  1129 | D        | Found Demuibye's Distillery.
  1130 | D        | Noticed a two-headed ogre
  1138 | D        | Noticed a two-headed ogre
  1141 | D        | Paralysed by something for 7 turns
  1145 | D        | Killed an ogre mage
  1151 | D        | Killed a two-headed ogre
  1157 | D        | Killed a two-headed ogre
  1174 | D        | Found Amegrijy's Magic Scroll Shoppe.
  1177 | D        | Bought a potion of brilliance for 40 gold pieces
  1177 | D        | Bought a potion of berserk rage for 50 gold pieces
  1177 | D        | Bought a potion of heal wounds for 50 gold pieces
  1177 | D        | Bought a potion of haste for 100 gold pieces
  1177 | D        | Bought a potion of curing for 30 gold pieces
  1177 | D        | Bought a potion of curing for 30 gold pieces
  1177 | D        | Bought a potion of might for 40 gold pieces
  1177 | D        | Bought 2 potions of degeneration for 20 gold pieces
  1177 | D        | Bought a potion of mutation for 80 gold pieces
  1177 | D        | Bought a potion of brilliance for 40 gold pieces
  1179 | D        | Noticed a two-headed ogre
  1189 | D        | Killed a two-headed ogre
  1196 | D        | Bought a potion of heal wounds for 60 gold pieces
  1196 | D        | Bought a potion of might for 48 gold pieces
  1196 | D        | Bought a potion of mutation for 96 gold pieces
  1196 | D        | Bought a potion of berserk rage for 60 gold pieces
  1198 | D        | Bought a scroll of blinking for 105 gold pieces
  1198 | D        | Bought a scroll of acquirement for 728 gold pieces
  1198 | D        | Bought a scroll of identify for 28 gold pieces
  1200 | D        | Acquired the +0 pair of gloves "Esiese" {rElec Regen+
                  | Int+3}
  1294 | D        | Reached ***** piety under Jiyva
  1340 | D        | Got the +3 plate armour "Taedd" {rElec rPois Stlth+}
  1375 | D        | Noticed an eight-headed hydra
  1378 | D        | Reached XP level 12. HP: 111/111 MP: 12/12
  1410 | D        | Killed an 18-headed hydra
  1411 | D        | Reached skill level 16 in Fighting
  1434 | D        | Noticed a deep troll shaman
  1435 | D        | Noticed a stone giant
  1441 | D        | Killed a deep troll shaman
  1442 | D        | Reached skill level 15 in Polearms
  1442 | D        | Reached skill level 15 in Dodging
  1442 | D        | Noticed an ice dragon
  1447 | D        | Killed a stone giant
  1454 | D        | Noticed a rakshasa
  1461 | D        | Killed an ice dragon
  1462 | D        | Reached skill level 15 in Armour
  1481 | D        | Killed a rakshasa
  1489 | D        | Noticed a fire dragon
  1490 | D        | Noticed a stone giant
  1491 | D        | Noticed a fire giant
  1503 | D        | Killed a fire dragon
  1511 | D        | Killed a stone giant
  1523 | D        | Killed a fire giant
  1524 | D        | Reached skill level 17 in Fighting
  1550 | D        | Noticed Eustachio
  1556 | D        | Killed Eustachio
  1581 | D        | Noticed Frances
  1596 | D        | Killed Frances
  1628 | D        | Lost mutation: You are covered in fur. (AC +1) [Jiyva's
                  | grace]
  1628 | D        | Gained mutation: Your muscles are strong. (Str +2) [Jiyva's
                  | grace]
  1628 | D        | Gained mutation: Your muscles are very strong. (Str +4)
                  | [Jiyva's grace]
  1628 | D        | Gained mutation: You are resistant to electric shocks.
                  | (rElec) [Jiyva's grace]
  1628 | D        | Gained mutation: You are covered in slimy tendrils that may
                  | disarm your opponents. [Jiyva's grace]
  1659 | D        | Noticed a ghost crab
  1659 | D        | Noticed an eight-headed hydra
  1678 | D        | Killed a ghost crab
  1685 | D        | Killed a 15-headed hydra
  1686 | D        | Noticed an eleionoma
  1687 | D        | Noticed a bunyip
  1687 | D        | Noticed an alligator
  1699 | D        | Killed an eleionoma
  1705 | D        | Killed a bunyip
  1710 | D        | Killed an alligator
  1723 | D        | Noticed a merfolk aquamancer
  1723 | D        | Noticed a merfolk avatar
  1733 | D        | Killed a merfolk avatar
  1734 | D        | Gained mutation: Your touch may inflict irresistible damage
                  | on your foes. [demonic ancestry]
  1734 | D        | Reached XP level 13. HP: 122/122 MP: 13/13
  1740 | D        | Reached skill level 18 in Fighting
  1823 | D        | Noticed a broodmother
  1857 | D        | Killed a broodmother
  1904 | D        | Reached skill level 19 in Fighting
  2026 | D        | Noticed Aizul
  2040 | D        | Killed Aizul
  2087 | D        | Noticed a fire dragon
  2087 | D        | Noticed a spark wasp
  2098 | D        | Killed a fire dragon
  2102 | D        | Noticed a fire dragon
  2110 | D        | Noticed a stone giant
  2115 | D        | Noticed a stone giant
  2122 | D        | Killed a spark wasp
  2127 | D        | Reached skill level 20 in Fighting
  2137 | D        | Noticed a frost giant
  2141 | D        | Noticed a fire dragon
  2143 | D        | Killed a fire dragon
  2151 | D        | Killed a stone giant
  2164 | D        | Killed a stone giant
  2168 | D        | Noticed a red very ugly thing
  2174 | D        | Killed a frost giant
  2179 | D        | Noticed a red very ugly thing
  2182 | D        | Noticed a vampire knight
  2185 | D        | Noticed a vampire knight
  2188 | D        | Killed a red very ugly thing
  2205 | D        | Paralysed by a vampire knight for 5 turns
  2213 | D        | Noticed an ettin
  2223 | D        | Killed a green very ugly thing
  2224 | D        | Gained mutation: You are completely covered in slimy green
                  | scales. (AC +4, rPois) [demonic ancestry]
  2224 | D        | Reached XP level 14. HP: 96/136 MP: 14/14
  2227 | D        | Killed a vampire knight
  2249 | D        | Reached skill level 21 in Fighting
  2273 | D        | Noticed an ironbound thunderhulk
  2282 | D        | Killed an ironbound thunderhulk
  2302 | D        | Noticed a brown very ugly thing
  2313 | D        | Noticed a vault warden
  2317 | D        | Killed a brown very ugly thing
  2356 | D        | Killed a vault warden
  2383 | D        | Noticed an ancient lich
  2384 | D        | Reached skill level 22 in Fighting
  2390 | D        | Noticed an Orb Guardian
  2411 | D        | Killed an ancient lich
  2454 | D        | Killed an Orb Guardian
  2460 | D        | Lost mutation: Your muscles are very strong. (Str +4)
                  | [potion of mutation]
  2460 | D        | Lost mutation: You are resistant to electric shocks.
                  | (rElec) [potion of mutation]
  2460 | D        | Gained mutation: Your flesh is heat resistant. (rF+)
                  | [potion of mutation]
  2460 | D        | Gained mutation: Your flesh is cold resistant. (rC+)
                  | [potion of mutation]
  2524 | D        | Noticed Nessos
  2549 | D        | Killed Nessos
  2607 | D        | Found the +10 tower shield of Ignorance {rN+ Int-4}
  2634 | D        | Reached ****** piety under Jiyva
  2777 | D        | Reached skill level 5 in Shields
  2837 | D        | Reached XP level 15. HP: 147/148 MP: 15/15
  2857 | D        | Reached skill level 10 in Shields
  2859 | D        | Got a decaying rune of Zot
  2866 | D        | Noticed an emperor scorpion
  2866 | D        | Noticed an emperor scorpion
  2866 | D        | Noticed an emperor scorpion
  2897 | D        | Killed an emperor scorpion
  2911 | D        | Killed an emperor scorpion
  2927 | D        | Killed an emperor scorpion
  2929 | D        | Noticed an emperor scorpion
  2942 | D        | Reached skill level 1 in Evocations
  2958 | D        | Killed an emperor scorpion
  2972 | D        | Noticed an emperor scorpion
  2974 | D        | Noticed an emperor scorpion
  2997 | D        | Killed an emperor scorpion
  3010 | D        | Killed an emperor scorpion
  3012 | D        | Got a gossamer rune of Zot
  3035 | D        | Noticed a nagaraja
  3041 | D        | Noticed a nagaraja
  3045 | D        | Killed a nagaraja
  3050 | D        | Noticed a nagaraja
  3058 | D        | Reached skill level 10 in Evocations
  3075 | D        | Killed a nagaraja
  3086 | D        | Killed a nagaraja
  3087 | D        | Lost mutation: Your flesh is cold resistant. (rC+) [Jiyva's
                  | grace]
  3087 | D        | Lost mutation: You are covered in slimy tendrils that may
                  | disarm your opponents. [Jiyva's grace]
  3087 | D        | Gained mutation: Your rubbery body absorbs attacks. (AC +1,
                  | EV +1) [Jiyva's grace]
  3087 | D        | Gained mutation: Your pliable body absorbs attacks. (AC +2,
                  | EV +2) [Jiyva's grace]
  3087 | D        | Gained mutation: Your gelatinous body deflects attacks. (AC
                  | +3, EV +3) [Jiyva's grace]
  3087 | D        | Gained mutation: You have large cloven feet. [Jiyva's
                  | grace]
  3092 | D        | Reached skill level 23 in Fighting
  3121 | D        | Got a serpentine rune of Zot
  3129 | D        | Noticed Ilsuiw
  3165 | D        | Killed Ilsuiw
  3255 | D        | Got a barnacled rune of Zot
  3354 | D        | Noticed Nikola
  3381 | D        | Killed Nikola
  3382 | D        | Reached skill level 24 in Fighting
  3574 | D        | Reached skill level 25 in Fighting
  3586 | D        | Gained mutation: You are completely covered in sharp
                  | spines. [demonic ancestry]
  3586 | D        | Reached XP level 16. HP: 162/162 MP: 16/16
  3643 | D        | Noticed a shadow dragon
  3688 | D        | Noticed a royal mummy
  3688 | D        | Noticed Lom Lobon
  3693 | D        | Killed a shadow dragon
  3701 | D        | Noticed a shadow dragon
  3703 | D        | Noticed a shadow dragon
  3711 | D        | Killed a royal mummy
  3711 | D        | HP: 11/246 [torment (8)]
  3716 | D        | Killed a shadow dragon
  3722 | D        | Killed a shadow dragon
  3824 | D        | HP: 2/164 [Lom Lobon/great icy blast (64)]
  4680 | D        | Killed from afar by Lom Lobon

Illustrated notes

Levels and vault maps discovered:
D:        linesprint [early_d, line_temple, items_1, d_10, items_2, lair_1,
          lair_end, items_3, orc_1, orc_end, items_4, d_15, swamp_1, shoals_1,
          snake_1, spider_1, d_20, vaults_1, items_5, swamp_end, shoals_end,
          snake_end, spider_end, vaults_end, d_27, items_6, zot_1, zot_end,
          crypt_end, forest_end, elf_end, slime_end, tomb_end, abyss_end,
          pan_hell_end]

Skill      XL: |  1  2  3  4  5  6  7  8  9 10 11 12 13 14 15 16 |
---------------+-------------------------------------------------+-----
Polearms       | 3 5 6 7 8 9 11 12 14 16 | 16.0
Armour         | 2 4 5 7 8 9 10 12 14 16 18 21 23 | 23.9
Dodging        | 3 5 6 7 8 9 11 12 14 16 19 21 23 24 | 24.0
Fighting       | 4 5 6 8 9 10 12 14 15 17 20 22 25 | 25.9
Shields        | 9 12 | 12.2
Evocations     | 11 | 11.2
Stealth        | |  1.7

Action                   |  1- 3 |  4- 6 |  7- 9 | 10-12 | 13-15 | 16-18 || total
-------------------------+-------+-------+-------+-------+-------+-------++-------
Melee: Spear             |    31 |    12 |       |       |       |       ||    43
       Touch             |       |     3 |       |       |       |       ||     3
       Halberd           |       |    33 |    90 |   454 |  1096 |   233 ||  1906
Throw: Dart              |       |       |       |     8 |     1 |       ||     9
Invok: Slimify           |       |       |       |       |       |     1 ||     1
Evoke: Wand              |       |       |       |     5 |     9 |     2 ||    16
  Use: Potion            |     1 |     4 |     3 |     1 |     7 |    12 ||    28
       Scroll            |       |       |     4 |     5 |     4 |     4 ||    17
 Stab: Sleeping          |     1 |       |       |       |       |       ||     1
       Invisible         |       |       |       |       |       |     2 ||     2
Armor: Robe              |     5 |       |       |       |       |       ||     5
       Plate armour      |       |    37 |    67 |   280 |   749 |    79 ||  1212
Dodge: Dodged            |    13 |    21 |    25 |   119 |   633 |    54 ||   865

Table legend: (Time is in decaauts)
 A = Elapsed time spent in this place.
 B = Non-inter-level travel time spent in this place.
 C = Inter-level travel time spent in this place.
 D = Time resting spent in this place.
 E = Time spent auto-exploring this place.
 F = Levels seen in this place.
 G = Mean time per level.
                   A        B        C        D        E       F      G
               +--------+--------+--------+--------+--------+-----+--------+
         Total |   4280 |   4280 |      0 |    150 |   1855 |   1 | 4280.0 |
       Dungeon |   4280 |   4280 |      0 |    150 |   1855 |   1 | 4280.0 |
               +--------+--------+--------+--------+--------+-----+--------+

Top non-repeatable levels by time:
       D: 4280 daAuts
